 Dungeon Crawl Stone Soup version 0.24.0-13-gcf9b3192b9 (webtiles) character file.

Game seed: 7589472504458926962, levelgen mode: deterministic

2 Dwingvatt99 the Sneak (level 1, 6/9 HPs)
             Began as a Spriggan Venom Mage on Nov 7, 2019.
             Quit the game on level 1 of the Dungeon.
             The game lasted 00:02:01 (239 turns).

Dwingvatt99 the Sneak (Spriggan Venom Mage)          Turns: 239, Time: 00:02:02

Health: 6/9        AC:  2    Str:  4    XL:     1   Next: 33%
Magic:  3/5        EV: 18    Int: 16    God:
Gold:   15         SH:  0    Dex: 16    Spells: 4/5 levels left

rFire    . . .     SeeInvis +   (weapon restricted)
rCold    . . .     Gourm    .   (shield restricted)
rNeg     . . .     Faith    .   a - +0 robe
rPois    .         Spirit   .   (helmet restricted)
rElec    .         Reflect  .   (no cloak)
rCorr    .         Harm     .   (gloves unavailable)
MR       .....                  (boots unavailable)
Stlth    ++........             (no amulet)
HPRegen  0.03/turn              (no ring)
MPRegen  0.09/turn              (no ring)

@: very quick
A: very small, unfitting armour, see invisible, herbivore, speed 3, slow
metabolism 2
a: no special abilities


You were on level 1 of the Dungeon.
You were not hungry.

You visited 1 branch of the dungeon, and saw 2 of its levels.

You collected 15 gold pieces.

Inventory:

Armour
 a - a +0 robe (worn)
Wands
 d - a wand of enslavement (7)
   (You found it on level 2 of the Dungeon)
Scrolls
 b - a scroll of identify {unknown}
 c - a scroll of noise {unknown}
Comestibles
 e - a ration {!d!d}


   Skills:
 + Level 0.1 Fighting
 + Level 3.0 Dodging
 + Level 3.0 Stealth
 + Level 2.7 Spellcasting
 + Level 0.6 Conjurations
 + Level 3.0 Poison Magic


You had 4 spell levels left.
You knew the following spells:

 Your Spells              Type           Power        Failure   Level  Hunger
a - Sting                 Conj/Pois      #...         9%          1    #......

Your spell library contained the following spells:

 Spells                   Type           Power        Failure   Level  Hunger
 Poisonous Vapours        Pois/Air       #.....       16%         2    ##.....
 Mephitic Cloud           Conj/Pois/Air  #.......     34%         3    ###....
 Olgreb's Toxic Radiance  Pois           ##......     50%         4    #####..
 Venom Bolt               Conj/Pois      #.........   94%         5    ######.


Dungeon Overview and Level Annotations

Branches:
Dungeon (2/15)

Altars:
Ashenzari
Nemelex Xobeh


Innate Abilities, Weirdness & Mutations

You are very small and have problems with some larger weapons.
You are too small for most types of armour.
You have supernaturally acute eyesight. (SInv)
You are a herbivore.
You cover ground extremely quickly.
You need to consume almost no food.


Message History

A goblin comes into view. It is wielding a +0 dagger.
Found a mace and 8 gold pieces.
The bat closely misses you.
The goblin shouts!
The bat hits you but does no damage. The bat completely misses you.
Found a fuming cyan potion.
The bat hits you.
Found 5 gold pieces.
An adder comes into view.
The bat barely misses you. The bat misses you. The bat misses you.
The bat completely misses you.
The adder hisses angrily.
The bat hits you but does no damage. The bat closely misses you.
The bat barely misses you. The bat misses you.
Found a chain mail.
The bat closely misses you. The bat misses you.
Found a stone staircase leading down.
The bat hits you but does no damage.
Found 17 gold pieces.
Found a stone staircase leading up.
A rat comes into view.
The bat closely misses you.
Found a copper wand.
The bat completely misses you.
You see here a chain mail.
The bat closely misses you. The bat misses you. The bat completely misses you.
The bat misses you.
You see here a wand of enslavement (7).
d - a wand of enslavement (7)
The bat hits you. The bat misses you. The bat closely misses you.
The adder misses you. The bat closely misses you. The bat barely misses you.
There is a stone staircase leading up here.
The bat barely misses you. The adder closely misses you.
You climb upwards. 2 rats come into view.
Found a glowing hat and a whip.
There is a stone staircase leading down here.
Found a dagger.
Found a stone staircase leading down.
Found a short sword.
A rat comes into view.

#.. ... #r.#####..#
##.........#
#.......).>#
#.#........#
##.#........# ###
###...........##....
.r.......)S.....)##.
........r...@.......
###...........#####.
......[.......#
....#.>......# ##.
#######.## #...
##..# 8.# .#


You could see an adder and 2 rats.

Vanquished Creatures
  A bat (D:2)
  2 rats (D:2)
3 creatures vanquished.

Notes
Turn   | Place    | Note
-------+----------+-------------------------------------------
     0 | D:1      | Dwingvatt99 the Spriggan Venom Mage began the quest for the
                  | Orb.
     0 | D:1      | Reached XP level 1. HP: 9/9 MP: 5/5
    33 | D:1      | You fall into a shaft and drop 1 floor!
    40 | D:2      | Found a sparkling altar of Nemelex Xobeh.
    41 | D:2      | Found a shattered altar of Ashenzari.
   239 | D:1      | Quit the game

Levels and vault maps discovered:
D:1:      kilobyte_arrival_exit_the_forest, layout_rooms,
          chequers_decorated_corner, minmay_unequal
D:2:      layout_rooms, overflow_temple_1_default,
          chequers_temple_overflow_statue_of_worship, first_ration, uniq_robin

Action                   || total
-------------------------++-------
Melee: Unarmed           ||    25
 Cast: Sting             ||    13
Armor: Robe              ||     7
Dodge: Dodged            ||    53
